 Dungeon Crawl Stone Soup version 0.29.0-13-gc9e81de378 (webtiles) character file.

Game seed: 8068623290687105521

3223 LabCoat the Cleaver (level 9, -5/118 HPs)
             Began as a Hill Orc Fighter on Sept 9, 2022.
             Was an Initiate of Trog.
             Succumbed to Amaemon's poison
             ... on level 8 of the Dungeon.
             The game lasted 00:30:45 (5653 turns).

LabCoat the Cleaver (Hill Orc Fighter)              Turns: 5653, Time: 00:30:46

Health: -5/118     AC: 24    Str: 29    XL:     9   Next: 98%
Magic:  1/18       EV:  2    Int:  8    God:    Trog [......]
Gold:   250        SH:  7    Dex: 10    Spells: 8/8 levels left

rFire   + . .      SeeInvis .   n - +3 war axe (vamp)
rCold   + . .      Faith    .   h - +2 buckler
rNeg    . . .      Spirit   +   (body armour currently unavailable)
rPois   +          Reflect  .   (helmet currently unavailable)
rElec   +          Harm     .   (cloak currently unavailable)
rCorr   +          Rampage  .   (gloves currently unavailable)
Will    .....      NoTele   +   (boots currently unavailable)
Stlth   +.........              w - amulet of guardian spirit
HPRegen 0.29/turn               A - ring of magical power
MPRegen 0.16/turn               D - +6 ring of strength

@: mighty, lethally poisoned (-5 -> -28), tree-form, resistant, hasted and
slowed
A: stationary, stasis, torment immunity, boosted hp
a: Renounce Religion


You were on level 8 of the Dungeon.
You worshipped Trog.
Trog was noncommittal.
You were a tree.
You visited 2 branches of the dungeon, and saw 9 of its levels.

You collected 250 gold pieces.

Inventory:

Hand Weapons
 k - a +0 flail
 n - a +3 vampiric war axe (weapon)
Missiles
 x - 4 poisoned darts (quivered)
 B - 2 boomerangs
Armour
 h - a +2 buckler (worn)
 u - a +0 plate armour (melded)
Jewellery
 c - a ring of magical power
 t - an amulet of regeneration
 w - an amulet of guardian spirit (around neck)
 y - a ring of willpower
 z - a +6 ring of dexterity
 A - a ring of magical power (left branch)
 D - a +6 ring of strength (right branch)
Wands
 b - a wand of quicksilver (2)
 p - a wand of iceblast (18)
Scrolls
 e - a scroll of noise {unknown}
 f - 3 scrolls of enchant weapon
 o - a scroll of summoning {unknown}
 r - a scroll of teleportation
 s - 2 scrolls of amnesia
 E - 2 scrolls of magic mapping
Potions
 a - a potion of cancellation
 d - 2 potions of might
 j - 3 potions of brilliance
 m - a potion of magic {unknown}
 q - a potion of flight {unknown}
 v - 3 potions of lignification
 C - a potion of berserk rage {unknown}
 F - a potion of curing {unknown}


   Skills:
 + Level 7.0 Fighting
 * Level 9.9(10.7) Axes
 + Level 5.2(7.4) Maces & Flails
 + Level 3.0 Throwing
 + Level 6.4 Armour
 + Level 6.5 Shields
 + Level 4.1 Evocations


You had 8 spell levels left.
You didn't know any spells.
Your spell library contained the following spells:

 Spells                   Type           Power      Damage    Failure   Level
 Cause Fear               Hex            0%         N/A       99%         4
 Dragon Form              Tmut           0%         N/A       100%        7
 Dragon's Call            Summ           0%         N/A       100%        9


Dungeon Overview and Level Annotations

Branches:
Dungeon (8/15)             Temple (1/1) D:7
   Lair: D:8-11

Altars:
Ashenzari
Cheibriados
Dithmenos
Elyvilon
Fedhas
Gozag
Hepliaklqana
Kikubaaqudgha
Makhleb
Nemelex Xobeh
Okawaru
Qazlal
Ru
Sif Muna
Trog
Uskayaw
Vehumet
Wu Jian
Xom
Yredelemnul
Zin
The Shining One

Shops:
D:6 =(   D:7 !

Annotations:
D:8 Amaemon


Message History

You hear an angry hiss.
You closely miss Amaemon.
Amaemon is heavily wounded.
You feel very sick. You block the orange demon's attack.
Amaemon hits you but does no damage.
You are more poisoned.
You block Amaemon's attack.
Amaemon tail-slaps you but does no damage.
It was a potion of resistance.
You feel protected.
* * * LOW HITPOINT WARNING * * *
You feel extremely sick. You block the orange demon's attack.
Amaemon hits you but does no damage. Amaemon claws you but does no damage.
Amaemon tail-slaps you but does no damage.
You closely miss Amaemon.
Amaemon is heavily wounded.
* * * LOW HITPOINT WARNING * * *
You feel very sick.
The orange demon stings you but does no damage.
Amaemon hits you with a -1 demon whip of venom.
* * * LOW HITPOINT WARNING * * *
You are lethally poisoned!
You block Amaemon's attack.
Amaemon tail-slaps you but does no damage.
It was a potion of haste.
You feel yourself speed up.
* * * LOW HITPOINT WARNING * * *
You feel extremely sick. The orange demon stings you from afar.
* * * LOW HITPOINT WARNING * * *
You have difficulty breathing.
* * * LOW HITPOINT WARNING * * *
You feel yourself slow down.
Amaemon hits you with a -1 demon whip of venom!
* * * LOW HITPOINT WARNING * * *
Amaemon claws you but does no damage. You block Amaemon's attack.
Okay, then.
As you read the scroll labelled BEZAMA TUETOXTUA, it crumbles to dust.
You feel a strange sense of stasis.
It was a scroll of teleportation.
You die...

######.#...........##..
#.#.##............
#.#.#########..###
#.#.............#
#.##########[.#.#
######.#<..........#...
#......###########.# ##
#.........†.... ..#
#.....♣######## ###
#......64.# #.#######.#
#. .. # #.. #####
#...#### #.#.#..### #
#...4...†#


You could see Amaemon and an orange demon (curare).

Vanquished Creatures
  Prince Ribbit (D:6)
  Sigmund (D:6)
  Grum (D:8)
  A steam dragon (D:8)
  Duvessa (D:6)
  3 black bears
  2 ice beasts (D:5)
  2 ogres (D:6)
  2 wolves (D:8)
  A centaur (D:6)
  Blork the orc (D:6)
  2 bullfrogs (D:6)
  3 necrophages
  A scorpion (D:5)
  Dowan (D:6)
  A howler monkey (D:4)
  A hound (D:4)
  A jelly (D:6)
  3 orc priests
  3 iguanas
  15 orc wizards
  13 gnolls
  9 adders
  A white imp (D:7)
  3 ufetubi
  3 worms
  2 dart slugs
  42 orcs
  11 ball pythons
  7 bats
  10 endoplasms
  5 giant cockroaches
  5 goblins
  4 hobgoblins
  6 jackals
  5 quokkas
  A frilled lizard (D:2)
  5 kobolds
  A rat (D:1)
180 creatures vanquished.

Vanquished Creatures (others)
  A steam dragon (D:6)
  An orc wizard (D:8)
2 creatures vanquished.

Grand Total: 182 creatures vanquished

Notes
Turn   | Place    | Note
-------+----------+-------------------------------------------
     0 | D:1      | LabCoat the Hill Orc Fighter began the quest for the Orb.
     0 | D:1      | Reached XP level 1. HP: 19/19 MP: 1/1
   132 | D:1      | Reached skill level 3 in Axes
   132 | D:1      | Reached XP level 2. HP: 24/27 MP: 2/2
   688 | D:1      | Reached XP level 3. HP: 31/33 MP: 3/3
   970 | D:2      | Reached skill level 1 in Maces & Flails
  1083 | D:2      | Reached XP level 4. HP: 33/40 MP: 4/4
  1150 | D:2      | Reached skill level 4 in Axes
  1433 | D:2      | Found a faded altar of an unknown god.
  1962 | D:3      | Reached XP level 5. HP: 39/47 MP: 5/5
  2007 | D:3      | Found a burning altar of Makhleb.
  2009 | D:3      | Found a sacrificial altar of Ru.
  2010 | D:3      | Found a hide-covered altar of Uskayaw.
  2010 | D:3      | Found a broken altar of Ashenzari.
  2010 | D:3      | Found a radiant altar of Vehumet.
  2011 | D:3      | Found a glowing golden altar of the Shining One.
  2012 | D:3      | Found a glowing silver altar of Zin.
  2418 | D:4      | Reached skill level 5 in Axes
  2419 | D:4      | Reached XP level 6. HP: 53/53 MP: 6/6
  2604 | D:4      | You fall into a shaft and drop 2 floors!
  2628 | D:6      | Found Laumuen's Antique Weapon Emporium.
  2679 | D:6      | Reached XP level 7. HP: 60/60 MP: 7/7
  2694 | D:6      | Reached skill level 6 in Axes
  2694 | D:6      | Reached skill level 1 in Evocations
  2716 | D:6      | Noticed a steam dragon
  2716 | D:6      | Noticed Blork the orc
  2721 | D:5      | Entered Level 5 of the Dungeon
  2732 | D:5      | Reached skill level 5 in Fighting
  3149 | D:5      | Reached skill level 5 in Shields
  3153 | D:5      | Reached skill level 7 in Axes
  3153 | D:5      | Reached XP level 8. HP: 69/69 MP: 8/8
  3477 | D:5      | Reached skill level 5 in Armour
  3973 | D:6      | Reached skill level 1 in Throwing
  4000 | D:6      | Killed Blork the orc
  4001 | D:6      | Reached skill level 8 in Axes
  4028 | D:6      | Reached XP level 9. HP: 66/75 MP: 9/9
  4062 | D:6      | Noticed Duvessa
  4064 | D:6      | Noticed Prince Ribbit
  4065 | D:6      | Noticed Dowan
  4082 | D:6      | Killed Duvessa
  4093 | D:6      | Killed Dowan
  4098 | D:6      | Killed Prince Ribbit
  4154 | D:6      | Noticed Sigmund
  4165 | D:6      | Killed Sigmund
  4166 | D:6      | Reached skill level 9 in Axes
  4202 | D:6      | Found Tuel Ymorha's Jewellery Shop.
  4411 | D:7      | Found Egegrac's Distillery.
  4590 | D:7      | Found a staircase to the Ecumenical Temple.
  4606 | Temple   | Entered the Ecumenical Temple
  4613 | Temple   | Became a worshipper of Trog the Wrathful
  5243 | D:8      | Noticed Grum
  5249 | D:8      | Killed Grum
  5250 | D:8      | Reached skill level 5 in Maces & Flails
  5298 | D:8      | Noticed Amaemon
  5298 | D:8      | Noticed an orange demon
  5599 | D:8      | Identified the +7 dagger "Vodghaun" {drain, rC+ Str-5
                  | Dex+3}
  5652 | D:8      | HP: 1/118 [Amaemon/-1 demon whip of venom (5)]
  5653 | D:8      | Succumbed to Amaemon's poison

Illustrated notes

Levels and vault maps discovered:
D:1:      erik_arrival_orb_chamber, layout_basic
D:2:      layout_basic, hellmonk_ecumenical_altar_arch_garden,
          kennysheep_generic_room_5
D:3:      layout_rooms, grunt_temple_overflow_open
D:4:      layout_rooms, kennysheep_generic_room_13
D:5:      layout_basic, minmay_statues_item, chequers_serial_rivers_micro_a,
          wad_floor_pattern_untrapped, hangedman_abyss_or_decor_slice,
          chequers_garden, minmay_misc_feat_square
D:6:      layout_basic, serial_shops, shop, grunt_ministairs_12,
          nicolae_take_the_stairs, st_stairs_5, uniq_sigmund,
          uniq_prince_ribbit1, uniq_blork_the_orc, uniq_duvessa
D:7:      minmay_klotski, layout_basic, minmay_temple_entry_glass, serial_shops,
          shop
D:8:      layout_basic, small_chamber_with_monster, uniq_pikel, uniq_grum,
          uniq_maggie, uniq_psyche, uniq_amaemon
Temple:   nicolae_temple_no_exploring_needed

Skill      XL: |  1  2  3  4  5  6  7  8  9 |
---------------+----------------------------+-----
Axes           | 3 4 5 7 8 9 |  9.9
Maces & Flails | 1 2 3 4 5 |  5.2
Fighting       | 4 5 6 7 |  7.0
Shields        | 4 5 6 |  6.5
Armour         | 4 5 6 |  6.4
Evocations     | 2 3 4 |  4.1
Throwing       | 1 3 |  3.0

Action                   |  1- 3 |  4- 6 |  7- 9 || total
-------------------------+-------+-------+-------++-------
Melee: War axe           |    64 |   165 |   236 ||   465
Throw: Throwing net      |       |     3 |     1 ||     4
       Dart              |       |       |    25 ||    25
Evoke: Wand              |       |     4 |    11 ||    15
  Use: Scroll            |     3 |     7 |     5 ||    15
       Potion            |     1 |       |    10 ||    11
 Stab: Invisible         |     1 |       |     3 ||     4
Armor: Scale mail        |    14 |    21 |       ||    35
       Chain mail        |       |    76 |    96 ||   172
       Plate armour      |       |       |    23 ||    23
       Skin              |       |       |    10 ||    10
Dodge: Dodged            |    30 |    88 |    95 ||   213
Block: Buckler           |    22 |    33 |    78 ||   133
